 Dungeon Crawl Stone Soup version 0.32-a0-893-gf85d74f360 (webtiles) character file.

Game seed: 10570858212892724192

8142 nj0rd12 the Summoner (level 11, -11/82 HPs)
             Began as a Gnoll Summoner on Apr 3, 2024.
             Was an Elder of Kikubaaqudgha.
             Succumbed to orange demon's concentrated venom
             ... on level 10 of the Dungeon.
             The game lasted 00:28:34 (11468 turns).

nj0rd12 the Summoner (Gnoll Summoner)              Turns: 11468, Time: 00:28:35

Health: -11/82     AC: 11    Str:  8    XL:     11   Next: 26%
Magic:  16/23      EV: 14    Int: 18    God:    Kikubaaqudgha [****..]
Gold:   153        SH:  0    Dex: 13    Spells: 12/26 levels left

rFire   + . .        u - +1 scythe (vamp)
rCold   . . .        (shield currently unavailable)
rNeg    + . .        v - +2 robe {Will+}
rPois   .            h - +0 helmet
rElec   .            I - +2 cloak {rF+}
rCorr   .            i - +0 pair of gloves
SInv    .            H - +0 pair of boots
Will    +....        (no amulet)
Stlth   ++++         B - ring of positive energy
HPRegen 0.33/turn    (no ring)
MPRegen 0.18/turn

%: no passive effects
@: lethally poisoned (-11 -> -109), slowed, very slow
A: fangs 1, strong nose, distributed training
a: Renounce Religion, Unearth Wretches


You were on level 10 of the Dungeon.
You worshipped Kikubaaqudgha.
Kikubaaqudgha was greatly pleased with you.
You visited 2 branches of the dungeon, and saw 11 of its levels.

You collected 454 gold pieces.
You spent 301 gold pieces at shops.

Inventory:

Hand Weapons
 u - a +1 vampiric scythe (weapon)
Missiles
 C - 3 throwing nets
Armour
 h - a +0 helmet (worn)
 i - a +0 pair of gloves (worn)
 s - a +0 kite shield
 v - a +2 robe of willpower (worn)
 H - a +0 pair of boots (worn)
 I - a +2 cloak of fire resistance (worn)
Magical Staves
 c - a staff of earth
 m - a staff of conjuration
Jewellery
 w - a ring of ice
 B - a ring of positive energy (left hand)
Wands
 l - a wand of quicksilver (2)
 t - a wand of polymorph (8)
 D - a wand of charming (17)
 G - a wand of warping (10)
 J - a wand of digging (4)
Scrolls
 d - a scroll of teleportation {unknown}
 f - 3 scrolls of fear
 g - a scroll of vulnerability {unknown}
 j - 3 scrolls of amnesia
 n - a scroll of brand weapon
 o - 2 scrolls of revelation {unknown}
 x - a scroll of summoning {unknown}
 y - 5 scrolls of enchant weapon
 E - 2 scrolls of noise {unknown}
 F - 2 scrolls of poison
 K - a scroll of enchant armour {unknown}
Potions
 a - a potion of attraction {unknown}
 b - a potion of magic
 e - a potion of invisibility {unknown}
 k - 5 potions of curing {unknown}
 p - a potion of mutation {unknown}
 q - 4 potions of heal wounds {unknown}
 r - 5 potions of enlightenment {unknown}
 z - a potion of brilliance {unknown}
 A - a potion of berserk rage {unknown}


   Skills:
 + Level 6.3 Fighting
 + Level 6.3 Short Blades
 + Level 6.3 Long Blades
 + Level 6.3 Axes
 + Level 6.3 Maces & Flails
 + Level 6.3 Polearms
 + Level 6.3 Staves
 + Level 6.3 Ranged Weapons
 + Level 6.3 Throwing
 + Level 6.3 Armour
 + Level 7.9 Dodging
 + Level 7.7 Stealth
 + Level 6.3 Shields
 + Level 6.3 Unarmed Combat
 + Level 8.2 Spellcasting
 + Level 5.2 Conjurations
 + Level 5.2 Hexes
 + Level 9.0 Summonings
 + Level 5.2 Necromancy
 + Level 5.2 Translocations
 + Level 5.2 Fire Magic
 + Level 5.2 Ice Magic
 + Level 5.2 Air Magic
 + Level 5.2 Earth Magic
 + Level 5.2 Alchemy
 + Level 7.0 Invocations
 + Level 6.3 Evocations
 + Level 5.8 Shapeshifting


You had 12 spell levels left.
You knew the following spells:

 Your Spells              Type           Power      Damage    Failure   Level
a - Summon Small Mammal   Summ           100%       N/A       1%          1
b - Call Imp              Summ           78%        N/A       1%          2
c - Call Canine Familiar  Summ           39%        N/A       1%          3
d - Summon Blazeheart Go  Fire/Summ      33%        N/A       4%          4
e - Summon Lightning Spi  Summ/Air       33%        N/A       4%          4

Your spell library contained the following spells:

 Spells                   Type           Power      Damage    Failure   Level
 Kiss of Death            Conj/Necr      100%       2d13      1%          1
 Necrotise                Necr           100%       1d9       1%          1
 Fugue of the Fallen      Necr           26%        N/A       3%          3
 Vampiric Draining        Necr           26%        2d7       3%          3
 Dispel Undead            Necr           26%        3d13      11%         4
 Borgnjor's Vile Clutch   Necr/Erth      13%        N/A       30%         5
 Curse of Agony           Necr           26%        N/A       30%         5
 Death Channel            Necr           13%        N/A       86%         6


Dungeon Overview and Level Annotations

Branches:
Dungeon (10/15)            Temple (1/1) D:5
   Lair: D:8-11         Orc: D:9-12

Altars:
Ashenzari
Cheibriados
Dithmenos
Elyvilon
Fedhas
Gozag
Hepliaklqana
Kikubaaqudgha
Makhleb
Nemelex Xobeh
Okawaru
Qazlal
Ru
Sif Muna
Trog
Uskayaw
Vehumet
Wu Jian
Xom
Yredelemnul
Zin
The Shining One

Shops:
D:4 *   D:6 *(*   D:9 :

Annotations:
D:6 1 runed translucent door, Crazy Yiuf
D:8 exclusions: door and 3 electric eels
D:9 2 transporters, Takeo's ghost, journeyman CoHu
D:10 Amaemon
Temple 4 transporters


Innate Abilities, Weirdness & Mutations

You have very sharp teeth.
Your uncanny sense of smell can sniff out nearby items.
Your experience applies equally to all skills.


Message History

Your blazeheart golem falls apart and the last of its fire goes out.
Casting: Summon Blazeheart Golem (dangerous; 4% risk of failure)
Confirm with . or Enter, or press ? or * to list all spells.
A fiery spirit appears, bound in slag iron.
You feel sick.
The orange demon stings you but does no damage.
You feel sick.
Your blazeheart golem barely misses the crocodile.
You feel sick.
The orange demon stings you but does no damage.
You feel sick.
The crocodile bites your blazeheart golem!
The orange demon barely misses you.
Your blazeheart golem punches the crocodile!
You feel sick.
The crocodile bites your blazeheart golem.
The crocodile drags your blazeheart golem backwards!
The orange demon stings you from afar.
You are more poisoned.
You have difficulty breathing.
You feel yourself slow down.
You feel extremely sick.
The crocodile bites your blazeheart golem!
The crocodile drags your blazeheart golem backwards!
Your blazeheart golem punches the crocodile.
The crocodile dies!
Kikubaaqudgha accepts your kill.
Your blazeheart golem falls apart and the last of its fire goes out.
Amaemon hits you but does no damage.
You are lethally poisoned!
Amaemon misses you. Amaemon tail-slaps you.
You are more poisoned.
Amaemon poisons you! The orange demon stings you.
You are more poisoned.
You have difficulty breathing.
* * * LOW HITPOINT WARNING * * *
You feel as though you will be slow longer.
The orange demon hits you but does no damage.
Unknown command.
You die...
Kikubaaqudgha rasps: You have failed me!
Welcome... death!

#..#.#.....#.#..........
#..#.##....#...........[
#..#.......#.#..........
##.####)####.########.##
#....)......# .#
####.).###### # #..###
#######+###### ####'#######
#............#
...........###.)@.6.......#
...........#.'...4........#
...........#.#............#
...........#.#....ยง.......#
...........'.#............#
...........###.....).....>#
...........# #............#
...........# #............#
####+####### #####..#######


You could see Amaemon and an orange demon (curare).

Vanquished Creatures
  A two-headed ogre (D:10)
  Nergalle (D:10)
  Joseph (D:7)
  Maggie (D:6)
  Psyche (D:8)
  4 yaks (D:9)
  A basilisk (D:8)
  A vampire mosquito (D:8)
  A steam dragon (D:8)
  A sky beast (D:8)
  3 ice beasts
  2 bullfrogs
  4 wights
  A killer bee (D:8)
  A howler monkey (D:6)
  A bombardier beetle (D:4)
  An orc priest (D:7)
  2 hounds
  A jelly (D:6)
  An orc wizard (D:6)
  A gnoll (D:6)
  A white imp (D:7)
  An orc (D:4)
33 creatures vanquished.

Vanquished Creatures (collateral kills)
  Pikel (D:7)
  An ugly thing (D:8)
  A troll (D:8)
  A yak (D:9)
  Sigmund (D:4)
  2 wyverns
  A water moccasin (D:7)
  An ice beast (D:6)
  2 orc warriors
  A centaur (D:9)
  A crocodile (shapeshifter) (D:10)
  2 ogres
  A lemure (D:6)
  2 phantoms
  Blork the orc (D:6)
  2 kobold brigands
  A scorpion (D:5)
  2 gnoll sergeants
  6 wights
  2 howler monkeys
  A bombardier beetle (D:5)
  10 hounds
  2 jellies (D:5)
  3 orc priests
  An iguana (D:4)
  Ijyb (D:3)
  4 orc wizards (D:6)
  2 sleepcaps (D:6)
  10 gnolls
  6 adders
  A white imp (D:5)
  2 dart slugs
  2 ribbon worms
  21 orcs
  5 bats
  8 endoplasms
  A giant cockroach (D:2)
  13 goblins
  5 hobgoblins
  3 quokkas
  7 ball pythons
  5 frilled lizards
  13 kobolds
  6 rats
164 creatures vanquished.

Vanquished Creatures (others)
  14 blazeheart cores
14 creatures vanquished.

Grand Total: 211 creatures vanquished

Notes
Turn   | Place    | Note
-------+----------+-------------------------------------------
     0 | D:1      | nj0rd12 the Gnoll Summoner began the quest for the Orb.
     0 | D:1      | Reached XP level 1. HP: 13/13 MP: 6/6
   333 | D:1      | Reached XP level 2. HP: 19/19 MP: 5/7
   343 | D:1      | Learned a level 2 spell: Call Imp
  1037 | D:2      | Found a faded altar of an unknown god.
  1083 | D:2      | Prayed at the altar of an unknown god.
  1083 | D:2      | Became a worshipper of Kikubaaqudgha
  1083 | D:2      | Reached * piety under Kikubaaqudgha
  1083 | D:2      | Received a gift from Kikubaaqudgha
  1230 | D:2      | Reached skill level 5 in Spellcasting
  1230 | D:2      | Reached XP level 3. HP: 25/25 MP: 3/9
  1477 | D:2      | Learned a level 3 spell: Call Canine Familiar
  1484 | D:2      | Reached skill level 1 in Invocations
  1494 | D:2      | Reached skill level 1 in Fighting
  1494 | D:2      | Reached skill level 1 in Short Blades
  1494 | D:2      | Reached skill level 1 in Long Blades
  1494 | D:2      | Reached skill level 1 in Axes
  1494 | D:2      | Reached skill level 1 in Maces & Flails
  1494 | D:2      | Reached skill level 1 in Polearms
  1494 | D:2      | Reached skill level 1 in Staves
  1494 | D:2      | Reached skill level 1 in Ranged Weapons
  1494 | D:2      | Reached skill level 1 in Throwing
  1494 | D:2      | Reached skill level 1 in Armour
  1494 | D:2      | Reached skill level 1 in Shields
  1494 | D:2      | Reached skill level 1 in Unarmed Combat
  1494 | D:2      | Reached skill level 1 in Evocations
  1524 | D:2      | Reached skill level 1 in Shapeshifting
  1524 | D:2      | Reached XP level 4. HP: 32/32 MP: 1/11
  1785 | D:2      | Reached skill level 1 in Conjurations
  1785 | D:2      | Reached skill level 1 in Hexes
  1785 | D:2      | Reached skill level 1 in Necromancy
  1785 | D:2      | Reached skill level 1 in Translocations
  1785 | D:2      | Reached skill level 1 in Fire Magic
  1785 | D:2      | Reached skill level 1 in Ice Magic
  1785 | D:2      | Reached skill level 1 in Air Magic
  1785 | D:2      | Reached skill level 1 in Earth Magic
  1785 | D:2      | Reached skill level 1 in Alchemy
  1816 | D:2      | Reached ** piety under Kikubaaqudgha
  1827 | D:2      | Reached XP level 5. HP: 37/37 MP: 6/12
  2267 | D:3      | Noticed Ijyb
  2360 | D:3      | Killed Ijyb
  2504 | D:3      | Learned a level 4 spell: Summon Blazeheart Golem
  2925 | D:4      | Found a snail-covered altar of Cheibriados.
  3018 | D:4      | Noticed Sigmund
  3162 | D:4      | Killed Sigmund
  3163 | D:4      | Reached skill level 5 in Dodging
  3163 | D:4      | Reached XP level 6. HP: 27/44 MP: 2/14
  3344 | D:4      | Found Faetytai's Fire Supplies.
  3623 | D:4      | Found an iron altar of Okawaru.
  3804 | D:5      | Entered Level 5 of the Dungeon
  3814 | D:5      | Reached XP level 7. HP: 51/51 MP: 10/15
  3894 | D:5      | Learned a level 4 spell: Summon Lightning Spire
  3902 | D:5      | Reached skill level 5 in Stealth
  4067 | D:5      | HP: 2/51 [orc warrior/arrow (12)]
  4338 | D:5      | Reached XP level 8. HP: 58/58 MP: 8/16
  4590 | D:5      | Found a staircase to the Ecumenical Temple.
  4620 | Temple   | Found a transporter.
  4620 | Temple   | Found a transporter.
  4620 | Temple   | Found a transporter.
  4620 | Temple   | Found a transporter.
  4620 | Temple   | Entered the Ecumenical Temple
  4657 | D:5      | Reached *** piety under Kikubaaqudgha
  4657 | D:5      | Received a gift from Kikubaaqudgha
  4910 | D:6      | Noticed Blork the orc
  4921 | D:6      | Killed Blork the orc
  5274 | D:6      | Found Qada Wofa's Weapon Shop.
  5276 | D:6      | Found Bein's Assorted Antiques.
  5276 | D:6      | Found Voqita's Assorted Antiques.
  5279 | D:6      | Noticed Maggie
  5289 | D:6      | Killed Maggie
  5290 | D:6      | Reached XP level 9. HP: 59/65 MP: 13/18
  5343 | D:6      | Reached skill level 8 in Summonings
  6033 | D:6      | Found a runed translucent door.
  6033 | D:6      | Noticed Crazy Yiuf
  6488 | D:7      | Found a flagged portal.
  6505 | D:7      | Reached skill level 5 in Invocations
  6714 | D:7      | Noticed Joseph
  6735 | D:7      | Killed Joseph
  6871 | D:7      | Noticed Pikel
  7093 | D:7      | Killed Pikel
  7094 | D:7      | Reached skill level 5 in Fighting
  7094 | D:7      | Reached skill level 5 in Short Blades
  7094 | D:7      | Reached skill level 5 in Long Blades
  7094 | D:7      | Reached skill level 5 in Axes
  7094 | D:7      | Reached skill level 5 in Maces & Flails
  7094 | D:7      | Reached skill level 5 in Polearms
  7094 | D:7      | Reached skill level 5 in Staves
  7094 | D:7      | Reached skill level 5 in Ranged Weapons
  7094 | D:7      | Reached skill level 5 in Throwing
  7094 | D:7      | Reached skill level 5 in Armour
  7094 | D:7      | Reached skill level 5 in Shields
  7094 | D:7      | Reached skill level 5 in Unarmed Combat
  7094 | D:7      | Reached skill level 5 in Evocations
  7094 | D:7      | Reached XP level 10. HP: 61/74 MP: 16/20
  7699 | D:7      | Found a radiant altar of Vehumet.
  8486 | D:8      | Noticed Psyche
  8546 | D:8      | Reached **** piety under Kikubaaqudgha
  8556 | D:8      | Killed Psyche
  8557 | D:8      | Reached skill level 5 in Shapeshifting
  8820 | D:4      | Bought a +2 cloak of fire resistance for 301 gold pieces
  9103 | D:8      | Noticed a red ugly thing
  9134 | D:8      | Killed a red ugly thing
  9452 | D:8      | Found a shimmering blue altar of Sif Muna.
 10205 | D:9      | Noticed Takeo's ghost (journeyman CoHu)
 10278 | D:9      | Reached skill level 5 in Conjurations
 10278 | D:9      | Reached skill level 5 in Hexes
 10278 | D:9      | Reached skill level 5 in Necromancy
 10278 | D:9      | Reached skill level 5 in Translocations
 10278 | D:9      | Reached skill level 5 in Fire Magic
 10278 | D:9      | Reached skill level 5 in Ice Magic
 10278 | D:9      | Reached skill level 5 in Air Magic
 10278 | D:9      | Reached skill level 5 in Earth Magic
 10278 | D:9      | Reached skill level 5 in Alchemy
 10278 | D:9      | Reached XP level 11. HP: 69/81 MP: 14/22
 10675 | D:9      | Found a transporter.
 10677 | D:9      | Found a transporter.
 10763 | D:9      | Found Datraveh's Book Shoppe.
 10938 | D:10     | Entered Level 10 of the Dungeon
 11092 | D:10     | Found an ornate altar of the Wu Jian Council.
 11094 | D:10     | Noticed Nergalle
 11260 | D:10     | Killed Nergalle
 11440 | D:10     | Noticed a two-headed ogre
 11451 | D:10     | Killed a two-headed ogre
 11452 | D:10     | Reached skill level 9 in Summonings
 11458 | D:10     | Noticed Amaemon
 11468 | D:10     | Succumbed to orange demon's concentrated venom

Illustrated notes

Levels and vault maps discovered:
D:1:      heliophobic_arrival_battle_scene, layout_loops_cross, serial_forest,
          infiniplex_forest_lined_1, infiniplex_forest_straight_2,
          infiniplex_forest_lined_3_way, infiniplex_forest_pool,
          infiniplex_forest_lined_1, infiniplex_forest_lined_ring
D:2:      layout_basic, basic_ecumenical_altar, nicolae_figureground_pulse
D:3:      layout_rooms, lightli_corner_chamber, uniq_ijyb
D:4:      layout_cave_pools, kennysheep_okawaru_gauntlet,
          mainiacjoe_overflow_small_starburst, nicolae_shop_fire_sale
          [nicolae_sub_dead_trees], grunt_ministairs_9, uniq_sigmund
D:5:      layout_basic, minmay_temple_entry_antechambers,
          chequers_serial_rivers_small_3
D:6:      layout_rooms, nicolae_shop_distant_corner_stores, uniq_blork_the_orc,
          uniq_crazy_yiuf_cottage, uniq_maggie
D:7:      layout_rooms, mainiacjoe_overflow_alcove_4, enter_bailey_5,
          chequers_decorated_corner, uniq_joseph, uniq_pikel
D:8:      layout_basic, led_sif_book, erik_lair_island, roderic_serpentine_path,
          minmay_manual_mess, uniq_psyche
D:9:      layout_gridville, serial_shops, nicolae_shop_behind_doors,
          gammafunk_ghost_hive, fungi_pond_lemuel
D:10:     layout_roguey, nicolae_overflow_crystal_walls, orc_0_dummy,
          uniq_maurice, uniq_nergalle, uniq_amaemon
Temple:   hellmonk_temple_divided_pantheon

Skill      XL: |  1  2  3  4  5  6  7  8  9 10 11 |
---------------+----------------------------------+-----
Spellcasting   | 5 6 7 8 |  8.2
Invocations    | 1 2 3 4 5 6 7 |  7.0
Fighting       | 1 2 3 4 5 6 |  6.3
Short Blades   | 1 2 3 4 5 6 |  6.3
Long Blades    | 1 2 3 4 5 6 |  6.3
Axes           | 1 2 3 4 5 6 |  6.3
Maces & Flails | 1 2 3 4 5 6 |  6.3
Polearms       | 1 2 3 4 5 6 |  6.3
Staves         | 1 2 3 4 5 6 |  6.3
Ranged Weapons | 1 2 3 4 5 6 |  6.3
Throwing       | 1 2 3 4 5 6 |  6.3
Armour         | 1 2 3 4 5 6 |  6.3
Shields        | 1 2 3 4 5 6 |  6.3
Unarmed Combat | 1 2 3 4 5 6 |  6.3
Evocations     | 1 2 3 4 5 6 |  6.3
Shapeshifting  | 1 2 3 4 5 |  5.8
Conjurations   | 1 2 3 4 5 |  5.2
Hexes          | 1 2 3 4 5 |  5.2
Necromancy     | 1 2 3 4 5 |  5.2
Translocations | 1 2 3 4 5 |  5.2
Fire Magic     | 1 2 3 4 5 |  5.2
Ice Magic      | 1 2 3 4 5 |  5.2
Air Magic      | 1 2 3 4 5 |  5.2
Earth Magic    | 1 2 3 4 5 |  5.2
Alchemy        | 1 2 3 4 5 |  5.2
Dodging        | 5 6 7 |  7.9
Stealth        | 5 6 7 |  7.7
Summonings     | 8 9 |  9.0

Action                     |  1- 3 |  4- 6 |  7- 9 | 10-12 || total
---------------------------+-------+-------+-------+-------++-------
  Melee: Staff             |       |    10 |       |       ||    10
         Halberd           |       |    14 |    91 |    43 ||   148
         Bite              |       |     1 |    12 |     5 ||    18
         Unarmed           |       |       |       |     2 ||     2
   Cast: Summon Small Mamm |    16 |    14 |    30 |     9 ||    69
         Call Imp          |    16 |    31 |    33 |    18 ||    98
         Call Canine Famil |     1 |    11 |    28 |    19 ||    59
         Summon Blazeheart |       |       |     9 |    16 ||    25
         Summon Lightning  |       |       |       |    11 ||    11
    Use: Scroll            |       |       |     2 |     3 ||     5
   Stab: Sleeping          |       |       |     1 |       ||     1
         Distracted        |       |       |     2 |     2 ||     4
 Armour: Robe              |     9 |    36 |   124 |   110 ||   279
         Skin              |       |       |       |     4 ||     4
  Dodge: Dodged            |    14 |    54 |   142 |   106 ||   316

Table legend: (Time is in decaauts)
 A = Elapsed time spent in this place.
 B = Non-inter-level travel time spent in this place.
 C = Inter-level travel time spent in this place.
 D = Time resting spent in this place.
 E = Time spent auto-exploring this place.
 F = Levels seen in this place.
 G = Mean time per level.
                   A        B        C        D        E       F      G
               +--------+--------+--------+--------+--------+-----+--------+
         Total |  11537 |  11103 |    434 |   2627 |   5735 |  11 | 1048.8 |
       Dungeon |  11513 |  11079 |    434 |   2627 |   5735 |  10 | 1151.3 |
        Temple |     23 |     23 |      0 |      0 |      0 |   1 |   23.0 |
               +--------+--------+--------+--------+--------+-----+--------+

Top non-repeatable levels by time:
     D:6: 1953 daAuts
     D:7: 1714 daAuts
     D:2: 1333 daAuts
     D:8: 1238 daAuts
     D:9: 1164 daAuts
     D:4: 1095 daAuts
     D:1: 979 daAuts
     D:5: 976 daAuts
     D:3: 588 daAuts
    D:10: 469 daAuts
  Temple: 23 daAuts
